 Dungeon Crawl Stone Soup version 0.17-a0-819-gf98af59 (webtiles) character file.

3047 FedoraBrony69 the Thaumaturge (level 9, 0/45 HPs)
             Began as a Deep Elf Conjurer on Apr 26, 2015.
             Was a Priest of Kikubaaqudgha.
             Killed by divine providence
             ... invoked by an orc priest
              (17 damage)
             ... on level 7 of the Dungeon.
             The game lasted 00:19:56 (7430 turns).

FedoraBrony69 the Thaumaturge (Deep Elf Conjurer)   Turns: 7430, Time: 00:19:56

Health: 0/45       AC:  7    Str:  5      XL:     9   Next: 56%
Magic:  1/25       EV: 12    Int: 24      God:    Kikubaaqudgha [***...]
Gold:   241        SH:  0    Dex: 13 (15) Spells: 5 memorised, 14 levels left

rFire  . . .     SeeInvis .     w - +0 whip (flame)
rCold  . . .     Clarity  .     I - +0 robe (curse)
rNeg   . . .     SustAb   .     (no shield)
rPois  .         Gourm    .     (no helmet)
rElec  .         Spirit   .     j - +0 cloak
rCorr  +         Warding  .     C - +0 pair of gloves
rMut   .         Stasis   .     x - +2 pair of boots
MR     .....                    A - amulet of resist corrosion
Stlth  ++........               (no ring)
                                g - ring of teleport control

@: not resistant to hostile enchantments, unstealthy
A: deterioration 2, spit poison 2
a: Spit Poison, Receive Corpses, Renounce Religion, Evoke Teleport Control


You were on level 7 of the Dungeon.
You worshipped Kikubaaqudgha.
Kikubaaqudgha was most pleased with you.
You were hungry.

You visited 2 branches of the dungeon, and saw 8 of its levels.

You collected 241 gold pieces.

Inventory:

Hand weapons
 w - a +0 whip of flaming (weapon)
Armour
 a - a +0 robe
 j - a +0 cloak (worn)
 x - a +2 pair of boots (worn)
 C - a +0 pair of gloves (worn)
 I - a cursed +0 robe (worn)
Jewellery
 g - a ring of teleport control (left hand)
 m - an uncursed amulet of rage
 A - an amulet of resist corrosion (around neck)
 H - an uncursed ring of positive energy {unknown}
 O - a +5 ring of strength {unknown}
Magical devices
 F - a wand of teleportation (3)
 N - a wand of draining (4)
 R - a wand of flame (8)
Scrolls
 e - a scroll of enchant armour {unknown}
 f - 4 scrolls of recharging
 i - 2 scrolls of remove curse
 l - 5 scrolls of enchant weapon {unknown}
 n - a scroll of amnesia {unknown}
 t - 3 scrolls of teleportation {unknown}
 y - a scroll of immolation {unknown}
 D - 2 scrolls of magic mapping {unknown}
 E - 2 scrolls of blinking {unknown}
 K - a scroll of fear {unknown}
Potions
 k - 2 potions of agility {unknown}
 o - a potion of brilliance
 p - 3 potions of curing
 r - 2 potions of lignification {unknown}
 s - 3 potions of haste {unknown}
 u - 2 potions of heal wounds {unknown}
 J - a potion of ambrosia {unknown}
 L - 2 potions of poison
 M - a potion of might
Books
 b - a book of Conjurations

   Spells                             Type                      Level
   a - Magic Dart                     Conjuration                  1
   b - Searing Ray                    Conjuration                  2
   c - Dazzling Spray                 Conjuration/Hexes            3
   d - Fulminant Prism                Conjuration/Hexes            4
   e - Iskenderun's Mystic Blast      Conjuration                  4
   f - Iskenderun's Battlesphere      Conjuration/Charms           5
 B - Kikubaaqudgha's Almanac of Black Arts
   (Kikubaaqudgha gifted it to you on level 4 of the Dungeon)

   Spells                             Type                      Level
   a - Animate Skeleton               Necromancy                   1
   b - Corpse Rot                     Necromancy                   2
   c - Sublimation of Blood           Necromancy                   2
   d - Regeneration                   Charms/Necromancy            3
   e - Control Undead                 Necromancy                   4
 P - a book of Geomancy

   Spells                             Type                      Level
   a - Sandblast                      Earth                        1
   b - Stoneskin                      Transmutation/Earth          2
   c - Passwall                       Transmutation/Earth          3
   d - Stone Arrow                    Conjuration/Earth            3
   e - Petrify                        Transmutation/Earth          4
   f - Lee's Rapid Deconstruction     Earth                        5
 Q - Kikubaaqudgha's Reference Book on Dark Arts
   (Kikubaaqudgha gifted it to you on level 7 of the Dungeon)

   Spells                             Type                      Level
   a - Animate Dead                   Necromancy                   4
   b - Excruciating Wounds            Charms/Necromancy            5
   c - Cigotuvi's Embrace             Necromancy                   5
   d - Dispel Undead                  Necromancy                   5
   e - Simulacrum                     Ice/Necromancy               6
Comestibles
 c - 10 bread rations
 h - a royal jelly
 q - 2 slices of pizza
 v - 4 meat rations
 z - a beef jerky
 G - 5 fruits


   Skills:
 - Level 2.4 Dodging
 - Level 2.4 Stealth
 * Level 10.6 Spellcasting
 * Level 9.8 Conjurations
 + Level 10.2 Charms


You had 14 spell levels left.
You knew the following spells:

 Your Spells              Type           Power        Failure   Level  Hunger
a - Magic Dart            Conj           ####         1%          1    None
b - Iskenderun's Battles  Conj/Chrm      ######..     2%          5    ####...
c - Iskenderun's Mystic   Conj           ######..     1%          4    None
m - Sublimation of Blood  Necr           ##........   10%         2    None
n - Regeneration          Chrm/Necr      #####.....   1%          3    None


Dungeon Overview and Level Annotations

Branches:
Dungeon (7/15)             Temple (1/1) D:5

Altars:
Ashenzari
Cheibriados
Dithmenos
Elyvilon
Fedhas
Gozag
Kikubaaqudgha
Makhleb
Nemelex Xobeh
Okawaru
Qazlal
Ru
Sif Muna
Trog
Vehumet
Xom
Yredelemnul
Zin
The Shining One

Shops:
D:7 (


Innate Abilities, Weirdness & Mutations

Your body is deteriorating.
You can spit poison.


Message History

Press: ? - help, Shift-Dir - straight line, f - orc priest
Aim: an orc priest, wielding a club and wearing a scale mail The orb of energy hits the orc priest.
The orc priest is moderately wounded.
A sky beast comes into view.
Casting: Iskenderun's Mystic Blast
Confirm with . or Enter, or press ? or * to list all spells.
Aiming: Iskenderun's Mystic Blast
Press: ? - help, Shift-Dir - straight line, f/p - orc priest
Aim: an orc priest, wielding a club and wearing a scale mail (moderately wounded)
The orb of energy hits the orc priest.
The orc priest is almost dead.
Casting: Iskenderun's Mystic Blast
Confirm with . or Enter, or press ? or * to list all spells.
You don't have enough magic to cast that spell.
Unknown command.
The orc priest calls down the wrath of Beogh upon you.
Something smites you!
You die...
Kikubaaqudgha rasps: "You have failed me!
Welcome... death!"

...#.._..# .# . ...#.≈.≈.#
### .. .. ...#..[..# #..
Y#.... ...###[###.##.#
.#...## ...# #.#.#.#..###
)...... ...# #...#......#
oo..##
...#####'###..#.##.....#..
####.......#..#...§.......
#.......#....@......#..
#.......#.##..###.....
#####'###.##...# .###
#...........# #
#######...[..##.#.#
......#............
......##'###.####.##
..................#
......##.......##.


You could see an orc priest and an orc wizard.

Vanquished Creatures
  Grinder (D:3)
  Sigmund (D:6)
  Edmund (D:6)
  2 black bears (D:6)
  4 ogres
  2 sky beasts
  A centaur (D:6)
  2 giant frogs
  2 scorpions (D:6)
  9 wights
  A goliath beetle (D:5)
  2 hounds
  9 orc wizards
  5 iguanas
  A giant frog skeleton (D:4)
  2 jellies
  2 orc priests
  9 worker ants
  A killer bee zombie (D:5)
  3 hound skeletons
  13 adders
  2 shadow imps (D:5)
  2 oozes
  An adder zombie (D:7)
  2 adder skeletons
  6 giant geckos
  21 orcs
  2 ball pythons
  A bat skeleton (D:5)
  3 giant cockroaches
  10 hobgoblins
  14 kobolds
  5 quokkas
  8 bats
  A giant gecko skeleton (D:7)
  5 giant newts
  A giant spore (D:6)
  9 goblins
  20 jackals
  2 quokka skeletons
  11 rats
  3 ballistomycetes (D:6)
202 creatures vanquished.

Vanquished Creatures (others)
  A giant gecko (D:6)
  A ballistomycete (D:6)
2 creatures vanquished.

Grand Total: 204 creatures vanquished

Notes
Turn   | Place    | Note
--------------------------------------------------------------
     0 | D:1      | FedoraBrony69, the Deep Elf Conjurer, began the quest for the Orb.
     0 | D:1      | Reached XP level 1. HP: 10/10 MP: 6/6
   302 | D:1      | Found an iron altar of Okawaru.
   526 | D:1      | Reached XP level 2. HP: 15/15 MP: 5/8
   868 | D:2      | Reached skill level 5 in Conjurations
   932 | D:2      | Reached XP level 3. HP: 19/19 MP: 7/10
  1143 | D:2      | Found a deep blue altar of Sif Muna.
  1376 | D:2      | Reached XP level 4. HP: 24/24 MP: 10/12
  1631 | D:3      | Noticed Grinder
  1649 | D:2      | Learned a level 4 spell: Iskenderun's Mystic Blast
  1728 | D:3      | Killed Grinder
  1728 | D:3      | Reached skill level 6 in Spellcasting
  1728 | D:3      | Reached XP level 5. HP: 28/28 MP: 0/15
  1728 | D:3      | Reached XP level 6. HP: 32/32 MP: 0/17
  1735 | D:3      | Learned a level 5 spell: Iskenderun's Battlesphere
  1946 | D:3      | Found an ancient bone altar of Kikubaaqudgha.
  1967 | D:3      | Became a worshipper of Kikubaaqudgha
  2189 | D:3      | Reached skill level 1 in Charms
  2373 | D:4      | Reached skill level 7 in Conjurations
  2497 | D:4      | Found a shadowy altar of Dithmenos.
  2640 | D:4      | Reached XP level 7. HP: 16/36 MP: 0/19
  2870 | D:4      | Acquired Kikubaaqudgha's first power
  2870 | D:4      | Received a gift from Kikubaaqudgha
  2871 | D:4      | Identified Kikubaaqudgha's Almanac of Black Arts (Kikubaaqudgha gifted it to you on level 4 of the Dungeon)
  3016 | D:4      | Learned a level 2 spell: Sublimation of Blood
  3020 | D:4      | Learned a level 3 spell: Regeneration
  3026 | D:4      | Reached skill level 5 in Charms
  3137 | D:4      | Found a white marble altar of Elyvilon.
  3862 | D:4      | Found a glowing golden altar of the Shining One.
  4001 | D:5      | Entered Level 5 of the Dungeon
  4407 | D:5      | Reached XP level 8. HP: 25/41 MP: 11/21
  4682 | D:5      | Acquired Kikubaaqudgha's second power
  4682 | D:5      | Reached skill level 8 in Spellcasting
  4689 | D:5      | Found a staircase to the Ecumenical Temple.
  4695 | Temple   | Entered the Ecumenical Temple
  4955 | D:5      | Found an iron altar of Okawaru.
  5285 | D:5      | Found a snail-covered altar of Cheibriados.
  5801 | D:6      | Gained mutation: Your body is slowly deteriorating. [mutagenic meat]
  5802 | D:6      | Gained mutation: You can spit weak poison. [mutagenic meat]
  5803 | D:6      | Gained mutation: Your body is deteriorating. [mutagenic meat]
  5804 | D:6      | Gained mutation: You can spit poison. [mutagenic meat]
  5867 | D:6      | Noticed Edmund
  5874 | D:6      | Killed Edmund
  5878 | D:6      | Reached skill level 9 in Spellcasting
  6005 | D:6      | Noticed Sigmund
  6019 | D:6      | Killed Sigmund
  6019 | D:6      | Reached XP level 9. HP: 36/45 MP: 1/24
  6662 | D:6      | Found a bloodstained altar of Trog.
  6670 | D:6      | Reached skill level 10 in Spellcasting
  6859 | D:7      | Found Jaarat's Antique Weapon Shoppe.
  6884 | D:7      | Received a gift from Kikubaaqudgha
  6887 | D:7      | Identified Kikubaaqudgha's Reference Book on Dark Arts (Kikubaaqudgha gifted it to you on level 7 of the Dungeon)
  7136 | D:7      | Reached skill level 10 in Charms
  7208 | D:7      | Found a shimmering altar of Xom.
  7430 | D:7      | Killed from afar by an orc priest

Action                   |  1- 3 |  4- 6 |  7- 9 || total
-------------------------+-------+-------+-------++-------
Melee: Whip              |       |     2 |    17 ||    19
 Cast: Magic Dart        |    48 |   100 |   337 ||   485
       Iskenderun's Myst |       |     7 |    50 ||    57
       Iskenderun's Batt |       |       |     7 ||     7
       Sublimation of Bl |       |       |     3 ||     3
 Abil: Spit Poison       |       |       |     1 ||     1
  Use: Scroll            |       |       |     7 ||     7
  Eat: Chunk             |       |     5 |    22 ||    27
